[Event "*** Titled Tuesday Blitz"]
[Site "Chess.com"]
[Date "2020.11.24"]
[Round "11"]
[White "juancruzarias"]
[Black "Ural_bogatyr"]
[Result "1-0"]
[WhiteElo "2541"]
[BlackElo "2409"]
[TimeControl "180+1"]
[EndTime "12:25:14 PST"]
[Termination "juancruzarias won by checkmate"]

1. b3 d5 2. Bb2 Nd7 3. e3 e5 4. Nf3 Bd6 5. d4 e4 6. Nfd2 Ngf6 7. c4 c6 8. Ba3 Bxa3 9. Nxa3 O-O 10. Be2 a6 11.
Nc2 b5 12. O-O Re8 13. f4 exf3 14. Bxf3 bxc4 15. bxc4 a5 16. Re1 Ba6 17. e4 dxc4 18. Nb1 Nf8 19. Nc3 Ne6 20. Qd2 Qd7 21. Rad1 Rad8 22.
h3 Qa7 23. Qf2 Nf4 24. e5 N6d5 25. Bxd5 Nxd5 26. Ne4 Nb4 27. Nxb4 axb4 28. Nc5 Bc8 29. Qd2 c3 30. Qc2 Be6 31. a4 bxa3 32. Qxc3 Bd5 33. Ra1 a2 34. Kh2 Rb8 35. Rf1 Rb5 36. h4 Reb8 37. Qh3 Rb2 38. Rg1 Rb1 39. Rgxb1 axb1=Q 40. Rxb1 Rd8 41. Qg4 h6 42. Rb7 Qa2 43. Rd7 Rb8 44. e6 Qf2 45. e7 f5 46. e8=Q+ Rxe8 47. Qxg7# 1-0

[Event "*** Titled Tuesday Blitz"]
[Site "Chess.com"]
[Date "2020.11.24"]
[Round "11"]
[White "annamaja"]
[Black "bylavochka"]
[Result "0-1"]
[WhiteElo "2264"]
[BlackElo "2176"]
[TimeControl "180+1"]
[EndTime "12:25:14 PST"]
[Termination "bylavochka won on time"]

1. e4 c5 2. Nf3 d6 3. d4 cxd4 4.
Nxd4 Nf6 5. Nc3 g6 6. Be3 Bg7 7. Be2 O-O 8. O-O Nc6 9. f4 Bd7 10. Kh1 Nxd4 11. Bxd4 Bc6 12. Bf3 a6 13. a4 b6 14. Qd3 Nd7 15. Bxg7 Kxg7 16. Qd4+ Kg8 17. e5 Bxf3 18. Rxf3 dxe5 19. fxe5 Nc5 20. Nd5 Ne6 21. Qd2 Nc7 22. Rd1 Nxd5 23. Qxd5 Qxd5 24. Rxd5 Rfd8 25. Rfd3 Rxd5 26. Rxd5 Rc8 27. c3 Kf8 28. Kg1 Ke8 29. Kf2 Rc4 30. Rd4 Rc5 31. Re4 Kd7 32. Ke3 Ke6 33. Kf4 h6 34. h4 g5+ 35. hxg5 hxg5+ 36. Kg4 Rxe5 37. Rb4 b5 38. axb5 Rxb5 39. Ra4 Rxb2 40.
Rxa6+ Ke5 41. Ra5+ Kf6 42. Rf5+ Ke6 43. g3 Rb3 0-1

[Event "*** Titled Tuesday Blitz"]
[Site "Chess.com"]
[Date "2020.11.24"]
[Round "11"]
[White "KetiGrant"]
[Black "VladaSviridova"]
[Result "0-1"]
[WhiteElo "2384"]
[BlackElo "2293"]
[TimeControl "180+1"]
[EndTime "12:25:15 PST"]
[Termination "VladaSviridova won on time"]

1. e4 e6 2. d4 d5 3. Nc3 Bb4 4. e5 c5 5. a3 Bxc3+ 6. bxc3 Ne7 7. Nf3 b6 8. a4 Ba6 9. Bb5+ Bxb5 10. axb5 a5 11.
bxa6 Rxa6 12. Rxa6 Nxa6 13. O-O h6 14. Ba3 O-O 15. Qe2 Qc8 16. Ra1 Nb8 17. Qb5 Nd7 18.
h4 Qc6 19. Qxc6 Nxc6 20. Bc1 Rc8 21. Ra6 cxd4 22. cxd4 Nb4 23. Ra7 Nf8 24. Ba3 Nxc2 25. Bd6 Ng6 26. g3 b5 27. h5 Nf8 28. Rb7 b4 29. Kf1 Na3 30. Bxb4 Nc4 31. Ke2 g6 32.
hxg6 Nxg6 33. Nh2 Kg7 34. Ng4 Ra8 35. Nf6 Ra2+ 36. Kf3 Ncxe5+ 37. dxe5 Nxe5+ 38. Ke3 Kxf6 39. Bc3 Ra3 40. Kd2 Kf5 41. Bxe5 Kxe5 42. Rxf7 Ra2+ 43.
Ke3 Ra3+ 44. Ke2 d4 45. Rd7 Ke4 46. g4 Ra2+ 47. Kf1 Kf3 0-1

[Event "*** Titled Tuesday Blitz"]
[Site "Chess.com"]
[Date "2020.11.24"]
[Round "11"]
[White "Legendinunknown"]
[Black "ChessicallyInclined"]
[Result "1-0"]
[WhiteElo "2679"]
[BlackElo "2557"]
[TimeControl "180+1"]
[EndTime "12:25:17 PST"]
[Termination "Legendinunknown won by resignation"]

1. d4 Nf6 2. c4 e6 3. Nc3 Bb4 4. f3 c5 5. d5 d6 6. e4 b5 7.
Ne2 bxc4 8. Nf4 e5 9. Ne2 O-O 10. Ng3 Bxc3+ 11. bxc3 Nbd7 12. Be3 Nb6 13. Qd2 Ne8 14.
Be2 Kh8 15. O-O f5 16. exf5 Bxf5 17. Nxf5 Rxf5 18. a4 Nc7 19. a5 Nbxd5 20. Bxc4 Nxe3 21. Qxe3 Rf4 22. Be2 Nd5 23. Qd2 Ne7 24. Rfd1 d5 25. Qe3 Qd6 26. Rab1 Nf5 27. Qc1 e4 28. fxe4 Rxe4 29. Bf3 Rh4 30. h3 Ne7 31. Qg5 Qf6 32. Qxf6 gxf6 33. Bxd5 Nxd5 34. Rxd5 Rc4 35. Rb7 Rxc3 36.
Rdd7 Ra3 37. Rxh7+ Kg8 38. Rbg7+ Kf8 39. Rc7 Kg8 40. Rcg7+ Kf8 41. Rxa7 Rxa7 42. Rxa7 c4 43. Rc7 Rxa5 44. Rxc4 Kg7 45. Kh2 Kg6 46. h4 Ra3 47. g3 Rb3 48. Kh3 Ra3 49. Kg4 Rb3 50.
Kf4 Ra3 51. g4 Ra5 52. h5+ Kh6 53. Re4 Rb5 54. Re8 Kg7 55. Re7+ Kg8 56. h6 Rg5 57. Rd7 Kf8 58. h7 1-0

[Event "*** Titled Tuesday Blitz"]
[Site "Chess.com"]
[Date "2020.11.24"]
[Round "11"]
[White "Harsha_Bharathakoti"]
[Black "Sebastian"]
[Result "1-0"]
[WhiteElo "2737"]
[BlackElo "2889"]
[TimeControl "180+1"]
[EndTime "12:25:18 PST"]
[Termination "Harsha_Bharathakoti won on time"]

1. d4 Nf6 2. c4 e6 3. Nc3 Bb4 4. f3 d5 5. a3 Bxc3+ 6. bxc3 c5 7. cxd5 Nxd5 8. dxc5 Qa5 9. e4 Nf6 10. Be3 O-O 11.
Qb3 Nfd7 12. Qb4 Qc7 13. Bb5 Na6 14. Bxa6 bxa6 15. Ne2 a5 16. Qd4 Ba6 17. Qd6 Qb7 18. Rd1 Nb8 19. Nd4 Rc8 20. Kf2 Nc6 21. Nxc6 Qxc6 22.
Qxc6 Rxc6 23. Rd7 Rac8 24. Rhd1 h6 25. Rxa7 a4 26. Rdd7 Rf8 27. Bf4 Bc8 28. Rdc7 Rxc7 29. Rxc7 Ba6 30. c6 Rc8 31. Rxc8+ Bxc8 32. Bd6 f6 33.
Ke3 e5 34. Kd3 Kf7 35. Kc4 Ke6 36. Kc5 h5 37. h4 g6 38. Bf8 f5 39. Kb6 fxe4 40.
fxe4 Kf7 41. Bd6 Ke8 42. Bxe5 Bg4 43. Bd6 Be6 44. e5 Bf5 45. Kb5 1-0

[Event "*** Titled Tuesday Blitz"]
[Site "Chess.com"]
[Date "2020.11.24"]
[Round "11"]
[White "szachuspl"]
[Black "ZverevLev"]
[Result "1-0"]
[WhiteElo "2509"]
[BlackElo "2317"]
[TimeControl "180+1"]
[EndTime "12:25:19 PST"]
[Termination "szachuspl won by resignation"]

1. d4 Nf6 2. c4 e6 3. Nf3 d5 4. Nc3 dxc4 5. Bg5 h6 6. Bxf6 Qxf6 7.
e4 a6 8. a4 Nc6 9. Bxc4 Bd7 10. O-O O-O-O 11. e5 Qg6 12. Qe2 Be7 13. Rfc1 h5 14.
Bxa6 Nb8 15. Bd3 Qh6 16. Nb5 Bc6 17. Na7+ Kd7 18. Nxc6 Nxc6 19. Bb5 h4 20. Qe4 Ke8 21. Bxc6+ bxc6 22. Rxc6 Qh5 23. a5 g5 24. h3 Rg8 25. Nh2 Rd5 26. a6 Kd7 27. Rc3 Ra8 28. a7 Qh8 29. Nf3 Qc8 30. Qc2 Qb7 31. Rb3 Rb5 32. Rxb5 Qxb5 33. Qa4 Kc6 34. Rc1+ Kb6 35. Qxb5+ Kxb5 36. Rxc7 Bd8 37. Rb7+ Bb6 38. Nxg5 Kc6 39. Rxf7 Bxd4 40. Nxe6 Bxe5 41. b4 Bd6 42. Nc5 Re8 43. Kf1 Kb5 44. Rb7+ Kc4 45. Rb8 Rxb8 46. axb8=Q Bxb8 47. Ke2 Bd6 48. Nd3 Kd4 49. b5 Bc7 50. Ne1 Kc4 51. Nf3 Bd8 52. b6 Bxb6 53. Nxh4 Kd4 54. Kf3 Ke5 55. Ng6+ Kf5 56. Nf4 Ba7 57. Nd5 Bc5 58. h4 Ke5 59. Ne3 Be7 60. g3 Ke6 61. Ke4 Bd6 62. f4 Bb4 63. g4 Be1 64. h5 Bb4 65. g5 Be7 66. f5+ Kf7 67. f6 Bxf6 68. gxf6 Kxf6 69. Kf4 Kg7 70. Kg5 Kh7 71. h6 Kg8 72.
Kg6 Kh8 73. Ng4 Kg8 74. Ne5 Kh8 75.
Nf7+ Kg8 76. h7+ Kf8 77. h8=Q+ 1-0

[Event "*** Titled Tuesday Blitz"]
[Site "Chess.com"]
[Date "2020.11.24"]
[Round "11"]
[White "Unknown_IM"]
[Black "shnitez"]
[Result "0-1"]
[WhiteElo "2384"]
[BlackElo "2515"]
[TimeControl "180+1"]
[EndTime "12:25:22 PST"]
[Termination "shnitez won by resignation"]

1. e4 c5 2. Nf3 e6 3. c3 Nf6 4. e5 Nd5 5. d4 cxd4 6. cxd4 d6 7. a3 Nd7 8. Bd3 b6 9. O-O Bb7 10. Re1 dxe5 11. Nxe5 Nxe5 12. Rxe5 Bd6 13. Re1 Qh4 14. g3 Qf6 15. Be4 O-O 16. Nc3 Nxc3 17. bxc3 Bxe4 18. Rxe4 Rac8 19. Bd2 Rc4 20. Qe2 Rfc8 21. a4 Qf5 22. Kg2 Qd5 23. Kg1 h6 24. Rg4 Kf8 25. Qe4 Qxe4 26. Rxe4 e5 27. a5 b5 28. a6 exd4 29. cxd4 Ra4 30. Rxa4 bxa4 31. d5 a3 32. Ra4 Bc5 33. Kg2 Ke7 34. Bf4 g5 35. Be3 Bxe3 36. fxe3 Rc2+ 37. Kf3 a2 38. h4 gxh4 39. gxh4 Kd6 40.
Ra5 Kc7 41. Kg4 Kb6 42. Ra3 Kb5 43. d6 Kc6 44. Kh5 Kxd6 45. Kxh6 Kc5 46. Kg7 Kb4 47.
Rxa2 Rxa2 48. h5 Rxa6 49. Kxf7 Kc4 50. Kg7 Kd3 0-1

[Event "*** Titled Tuesday Blitz"]
[Site "Chess.com"]
[Date "2020.11.24"]
[Round "11"]
[White "frederiksvane"]
[Black "sara_khm"]
[Result "1-0"]
[WhiteElo "2739"]
[BlackElo "2602"]
[TimeControl "180+1"]
[EndTime "12:25:24 PST"]
[Termination "frederiksvane won by resignation"]

1. e4 e5 2. Nf3 Nc6 3. Bb5 a6 4. Ba4 g6 5. c3 d6 6. d4 Bd7 7.
O-O Bg7 8. d5 Nce7 9. c4 h6 10.
Nc3 f5 11. exf5 gxf5 12. Re1 Nf6 13. c5 O-O 14. Be3 Bxa4 15. Qxa4 Nexd5 16. Nxd5 Nxd5 17. Qb3 c6 18. Qxb7 Nxe3 19. Rxe3 e4 20. Ne1 dxc5 21. Qxc6 Qe7 22. Rg3 Kh8 23. Qg6 f4 24. Rg4 Rf6 25. Qh5 c4 26. Qd5 Rc8 27. h3 Rd6 28. Qf5 Rf8 29. Qh5 Bxb2 30. Rb1 Bg7 31. Nc2 Rd2 32. Nb4 e3 33. Nd5 Qe4 34. Rb7 exf2+ 35. Kh2 f1=Q 36. Rbxg7 Qfxg2+ 37. Rxg2 Rxg2+ 38. Rxg2 Qe6 39. Qf3 c3 40. Re2 Qc6 41. Qxc3+ Qxc3 42. Nxc3 Rc8 43. Ne4 Rc4 44. Kg2 Ra4 45. Kf3 Ra3+ 46.
Kxf4 Rxh3 47. Ng3 Rh4+ 48. Kf3 Kg7 49. Nf5+ 1-0

[Event "*** Titled Tuesday Blitz"]
[Site "Chess.com"]
[Date "2020.11.24"]
[Round "11"]
[White "IrishMonkey"]
[Black "1977Ivan"]
[Result "1-0"]
[WhiteElo "2590"]
[BlackElo "2677"]
[TimeControl "180+1"]
[EndTime "12:25:24 PST"]
[Termination "IrishMonkey won on time"]

1. e4 c5 2. Ne2 Nc6 3. Nbc3 e6 4. d4 cxd4 5. Nxd4 Nf6 6. Ndb5 Bc5 7. Bf4 O-O 8. Bc7 Qe7 9. Bd6 Bxd6 10. Qxd6 Qd8 11.
Nc7 Rb8 12. Be2 b5 13. N7xb5 a6 14. Na3 Rxb2 15. O-O-O Rb4 16. Nc4 Ne8 17. Qg3 Qf6 18. e5 Qh6+ 19. Rd2 Nc7 20. f4 Nb5 21. Rf1 f6 22.
exf6 Qxf6 23. Ne5 d6 24. Bxb5 axb5 25. Nxc6 Rc4 26. Nd4 Rxd4 27. Rxd4 Qxd4 28. Qd3 Rxf4 29. Qxd4 Rxd4 30. Nxb5 Rd5 31. a4 Bd7 32. Nc3 Rc5 33.
Kb2 d5 34. Rd1 Kf7 35. Ra1 Ra5 36. Rd1 Ke7 37. Ka3 Kd6 38. Ne4+ Kc6 39. Nc3 Ra8 40.
Kb4 Rb8+ 41. Nb5 Ra8 42. c4 Be8 43. a5 Bf7 44. cxd5+ exd5 45. Rc1+ Kd7 46. Rc7+ Ke6 47. Nd4+ Kf6 48. Rc6+ Ke5 49. Nf3+ Kf4 50. a6 Bg6 51. Nd4 Bd3 52. Nb5 Ke3 53. a7 1-0

[Event "*** Titled Tuesday Blitz"]
[Site "Chess.com"]
[Date "2020.11.24"]
[Round "11"]
[White "CoachHakia"]
[Black "Vulcanochess"]
[Result "0-1"]
[WhiteElo "2173"]
[BlackElo "2295"]
[TimeControl "180+1"]
[EndTime "12:25:24 PST"]
[Termination "Vulcanochess won on time"]

1. d4 c5 2. e3 Nf6 3. Nf3 g6 4. Be2 b6 5. O-O Bb7 6. c4 Bg7 7. dxc5 bxc5 8. Nc3 O-O 9. Qc2 Nc6 10. a3 Rb8 11. Rd1 d6 12. Rb1 Qa5 13. Bd2 Qc7 14. Nb5 Qb6 15. b4 a6 16. bxc5 Qxc5 17. Nbd4 Qa7 18.
Nxc6 Bxc6 19. Nd4 Be4 20. Bd3 Ba8 21. Rxb8 Rxb8 22. Rb1 Rc8 23. Qb3 Nd7 24. Bf1 e5 25. Nf3 Bxf3 26. gxf3 Nc5 27. Qb6 Qd7 28. Bb4 Rc6 29. Qb8+ Bf8 30. Bxc5 Rxc5 31. Rb7 Qe6 32. Qd8 Rc8 33. Qa5 Rc6 34. Rb8 Kg7 35. Qc3 Be7 36.
Rb7 Bf6 37. Qd3 a5 38. Ra7 Bd8 39. Qb3 Rc5 40. Qb7 Bg5 41. Bh3 Qf6 42. Bg2 h5 43.
Qd7 Rxc4 0-1

[Event "*** Titled Tuesday Blitz"]
[Site "Chess.com"]
[Date "2020.11.24"]
[Round "11"]
[White "Kretov_Evgenij"]
[Black "YoungMegaMind"]
[Result "0-1"]
[WhiteElo "2404"]
[BlackElo "2317"]
[TimeControl "180+1"]
[EndTime "12:25:25 PST"]
[Termination "YoungMegaMind won by resignation"]

1. d4 Nf6 2. c4 c5 3. d5 e6 4.
Nc3 exd5 5. cxd5 d6 6. e4 g6 7. f4 Bg7 8. Bb5+ Nfd7 9. a4 O-O 10. Nf3 Na6 11. O-O Nb4 12. Re1 a6 13. Bf1 Re8 14.
Be3 f5 15. exf5 gxf5 16. Bf2 Rxe1 17. Bxe1 Nf6 18. Bh4 Qf8 19. Ng5 Ng4 20. Ne6 Bxe6 21. dxe6 Bd4+ 22. Kh1 Qh6 23. Qe1 Nc2 24. Qg3 Bf2 25.
Bg5 Bxg3 26. Bxh6 Nxa1 27. Bg5 Bxh2 28. Bc4 Bg3 29. e7+ Kg7 30. Nd5 h6 31. Nc7 Rh8 32.
e8=Q Rxe8 33. Nxe8+ Kf8 34. Nxd6 hxg5 35. Nxf5 Bxf4 36.
Bd5 Nf2+ 37. Kg1 Nd3 38. Bxb7 Nxb2 39. Bxa6 c4 40. a5 c3 41. Nd4 c2 42. Nxc2 Nxc2 43.
Bb7 Nb4 44. a6 Be3+ 45. Kf1 Bb6 46. Ke2 Nc4 47. Kf3 Nd6 48. Ba8 Kg7 49. Kg4 Kf6 50. Kh5 Nd3 51. Kh6 Nf4 52. Bc6 Ne6 53. Ba8 Nc5 54. Bd5 Nxa6 55. Bc6 Nc5 56. Ba8 Nce4 57. Bc6 Nf5+ 58. Kh7 Neg3 59. Kh8 Ne3 60. Kh7 Ne2 61.
Bb7 Nf4 62. g3 Ne2 63. g4 Ng1 0-1

[Event "*** Titled Tuesday Blitz"]
[Site "Chess.com"]
[Date "2020.11.24"]
[Round "11"]
[White "Loy_Konstantin"]
[Black "Piotrek1979"]
[Result "0-1"]
[WhiteElo "2380"]
[BlackElo "2506"]
[TimeControl "180+1"]
[EndTime "12:25:26 PST"]
[Termination "Piotrek1979 won on time"]

1. e4 e5 2. Nf3 Nc6 3. d4 exd4 4. Nxd4 Bc5 5. Be3 Qf6 6. Nb5 Bxe3 7. fxe3 Qh4+ 8. g3 Qd8 9. Qg4 g6 10. Qf4 d6 11.
N1c3 a6 12. Nd4 Ne5 13. Be2 Be6 14. O-O-O Qe7 15. g4 Nf6 16. g5 Nfd7 17. h4 O-O-O 18. a3 Rdf8 19. Qg3 h6 20. Nd5 Bxd5 21. exd5 Rh7 22.
Bg4 hxg5 23. Bxd7+ Kxd7 24. hxg5 Rfh8 25. Rxh7 Rxh7 26. Rg1 Rh5 27. Kb1 Kc8 28. b3 Qd7 29.
Qf4 Qh3 30. Rg3 Qh1+ 31. Kb2 Qxd5 32. Nf3 Kd7 33. Nxe5+ Qxe5+ 34. Qxe5 dxe5 35. Kc3 Ke6 36. e4 Rh4 37. Kd3 b6 38. a4 c6 39. Rg1 a5 40.
Rg3 Rh5 41. Kc4 Rh2 42. c3 Rd2 43. b4 axb4 44. cxb4 Rd4+ 45. Kc3 Rxe4 46. Kb3 Rd4 47. a5 c5 0-1

[Event "*** Titled Tuesday Blitz"]
[Site "Chess.com"]
[Date "2020.11.24"]
[Round "11"]
[White "davidkalashian"]
[Black "anon481216"]
[Result "1-0"]
[WhiteElo "2536"]
[BlackElo "2400"]
[TimeControl "180+1"]
[EndTime "12:25:28 PST"]
[Termination "davidkalashian won on time"]

1. e4 c5 2. Nc3 e6 3. Nf3 Nc6 4.
Bb5 Nd4 5. O-O a6 6. Bd3 Nc6 7. a4 d6 8. Re1 Nf6 9. Bf1 Be7 10.
d4 cxd4 11. Nxd4 O-O 12. Be3 Qc7 13. Nb3 b6 14. Nd2 Bb7 15. Nc4 Nd7 16. Qd2 Nce5 17.
Nxe5 Nxe5 18. Rad1 Rfc8 19. Qd4 Nd7 20. Qd2 Nc5 21.
Bg5 Bf8 22. Bh4 Bc6 23. b3 Qb7 24. f3 b5 25. axb5 axb5 26. Bg3 b4 27. Ne2 e5 28. Nc1 Bb5 29. Bf2 Bxf1 30. Rxf1 Ne6 31. Nd3 d5 32. Nxe5 dxe4 33. fxe4 Qxe4 34. Nc4 Ra2 35. Qd7 Rc7 36. Qd3 Qxd3 37. cxd3 Nf4 38. d4 Rd7 39. Ra1 Ne2+ 40. Kh1 Rxa1 41. Rxa1 Nxd4 42. Rd1 Bc5 43.
Ne5 Rd6 44. Nc4 Rd8 45. g3 g6 46. Kg2 h5 47. Ne5 Kg7 48. Nf3 Nxf3 49. Rxd8 Bxf2 50. Kxf3 1-0

[Event "*** Titled Tuesday Blitz"]
[Site "Chess.com"]
[Date "2020.11.24"]
[Round "11"]
[White "lucachess49"]
[Black "rududuyk"]
[Result "0-1"]
[WhiteElo "2332"]
[BlackElo "2203"]
[TimeControl "180+1"]
[EndTime "12:25:29 PST"]
[Termination "rududuyk won on time"]

1. d4 e6 2. c4 f5 3. Nc3 Nf6 4. e3 Bb4 5. Bd3 O-O 6. Ne2 b6 7. O-O Bb7 8. a3 Bxc3 9. Nxc3 d6 10. f3 Qe8 11. b4 Qh5 12. Bb2 Nbd7 13. Qc2 Rae8 14. Nb5 Rc8 15. Nxa7 Ra8 16. Nb5 Rac8 17. a4 Qg5 18. Qf2 Nh5 19. a5 e5 20. a6 Ba8 21. d5 f4 22. e4 Rf6 23. Rfe1 Rh6 24.
Kf1 Ng3+ 25. hxg3 fxg3 26. Qe3 Qh4 27. Ke2 Qh2 28. Rg1 Nf6 29. Kd2 Nh5 30. Kc3 Nf4 31.
Qd2 Qh4 32. Bc2 Qg5 33. Rad1 Rh2 34. Bc1 Qh5 35. Bd3 g5 36. Bf1 g4 37. Qe1 Qh4 38.
Bxf4 exf4 39. fxg4 Qf6+ 40. Kb3 Qg6 41. Qc3 Qxg4 42.
Bd3 Rxg2 43. Rxg2 Qxd1+ 44. Qc2 Qg4 45. e5 f3 46. Bxh7+ Kg7 47. Bf5 Qg5 48. Rxg3 Qxg3 49. Bxc8 f2+ 0-1

[Event "*** Titled Tuesday Blitz"]
[Site "Chess.com"]
[Date "2020.11.24"]
[Round "11"]
[White "onnoelgersma"]
[Black "Mr_Heisenberg13"]
[Result "1-0"]
[WhiteElo "2434"]
[BlackElo "2518"]
[TimeControl "180+1"]
[EndTime "12:25:30 PST"]
[Termination "onnoelgersma won on time"]

1. d3 Nf6 2. Nf3 Nc6 3. d4 d5 4. Bf4 Bf5 5. e3 e6 6. Bd3 Bxd3 7. cxd3 Bd6 8. Ne5 Bxe5 9. dxe5 Nd7 10. d4 O-O 11. Nc3 Na5 12. O-O Nc4 13. b3 Ncb6 14. Rc1 Rc8 15. Nb5 a6 16. Nc3 c5 17. Qg4 Kh8 18. h4 cxd4 19. exd4 Qe7 20. h5 h6 21. Bd2 Rc6 22. f4 f5 23. Qe2 Na8 24. g4 fxg4 25.
Qxg4 Rf5 26. Kg2 Nc7 27. Ne2 Qa3 28. Rxc6 bxc6 29. Ng3 Rf7 30. f5 Qxa2 31. Rf2 exf5 32. Nxf5 Qb1 33. Qg6 Qe4+ 34. Kg3 Nxe5 35. dxe5 Qxe5+ 36. Rf4 Rf8 37. Nxh6 Rxf4 38. Bxf4 Qe1+ 39. Kf3 Qf1+ 40.
Ke3 Qe1+ 41. Kf3 Qf1+ 42. Kg4 Qe2+ 43. Kf5 Qd3+ 44. Kg4 Qe2+ 45. Kh4 Qf2+ 46. Bg3 Qd4+ 47. Kh3 Nb5 48. Nf7+ Kg8 49. Ng5 1-0

[Event "*** Titled Tuesday Blitz"]
[Site "Chess.com"]
[Date "2020.11.24"]
[Round "11"]
[White "Dave_ChessMate"]
[Black "arjwezhrtdrz"]
[Result "0-1"]
[WhiteElo "2437"]
[BlackElo "2345"]
[TimeControl "180+1"]
[EndTime "12:25:34 PST"]
[Termination "arjwezhrtdrz won on time"]

1. d4 d6 2. c4 e5 3. dxe5 dxe5 4.
Qxd8+ Kxd8 5. Nc3 c6 6. e4 Be6 7. Nf3 f6 8. Be2 Nd7 9. Be3 Kc7 10. O-O-O b6 11. b3 Bc5 12. Bxc5 Nxc5 13. Rd2 a5 14. Rhd1 Nh6 15. h3 Nf7 16. Kb2 Rhd8 17. Rxd8 Nxd8 18. Ne1 Nf7 19. Nd3 Nxd3+ 20. Bxd3 Rd8 21. Be2 Rxd1 22. Bxd1 Bd7 23. Bg4 Bxg4 24. hxg4 Nd8 25. Kc2 Ne6 26. g3 Nd4+ 27. Kd3 Kd6 28. f4 g5 29. Ke3 Kc5 30.
Na4+ Kb4 31. Nxb6 Ka3 32. Nd7 Kxa2 33. fxe5 fxe5 34. Nxe5 Nc2+ 35. Kd3 Kxb3 36. Nxc6 a4 37. Na5+ Kb2 38. c5 Nb4+ 39. Kc4 Na6 40. Kb5 Nc7+ 41. Kc6 Ne6 42. Kd5 Nc7+ 43. Kc6 Kc3 44. Kxc7 a3 45. c6 a2 46. Nb7 a1=Q 47. Kb8 Qg1 48.
c7 Qxg3 49. Nd8 Qe5 50. Nb7 Kd4 51. Na5 Kxe4 52. Nc6 Qd6 53. Kb7 Qd7 54. Kb8 Qxc6 55. c8=Q Qxc8+ 56. Kxc8 Kf4 57. Kd7 Kxg4 0-1

[Event "*** Titled Tuesday Blitz"]
[Site "Chess.com"]
[Date "2020.11.24"]
[Round "11"]
[White "SchmakAttack"]
[Black "Leonid_Starozhilov"]
[Result "1-0"]
[WhiteElo "2553"]
[BlackElo "2655"]
[TimeControl "180+1"]
[EndTime "12:25:36 PST"]
[Termination "SchmakAttack won by checkmate"]

1. e4 g6 2. d4 Bg7 3. Nc3 d6 4. Be3 a6 5. f4 b5 6. Bd3 Bb7 7. Nf3 Nd7 8. e5 e6 9. Qd2 Ne7 10. Ne4 Nf5 11. O-O-O Nxe3 12. Qxe3 Bxe4 13. Bxe4 d5 14.
Bd3 c5 15. dxc5 Qc7 16. Kb1 Qxc5 17. Qxc5 Nxc5 18. Rhe1 h5 19. Bf1 Ke7 20. g3 b4 21.
Nd4 Rhc8 22. Re3 Bh6 23. c3 a5 24. h4 Bf8 25. c4 dxc4 26. Bxc4 Bg7 27. Bb5 Kf8 28.
Nc6 Rc7 29. Re2 Kg8 30. Red2 Kh7 31. Rd8 Rxd8 32. Nxd8 Ne4 33. Rg1 Bf8 34. Be8 Kg7 35.
Bxf7 Rxf7 36. Nxf7 Kxf7 37. Kc2 Bc5 38. Rg2 Ke7 39.
Kd3 Nf2+ 40. Kc4 Be3 41. Kb5 Nd3 42. Kxa5 Bc1 43. b3 Ba3 44. Kb5 Ne1 45. Rf2 Nd3 46.
Re2 Nc1 47. Rd2 Ke8 48. Kc4 Ke7 49. Kc5 Ke8 50. Kd6 Kf7 51. Kd7 g5 52. hxg5 Kg6 53. Kxe6 h4 54. gxh4 Kh5 55. f5 Kxh4 56. f6 Kg4 57. f7 Kf3 58. f8=Q+ Ke3 59. Qf2+ Ke4 60. Rd4# 1-0

[Event "*** Titled Tuesday Blitz"]
[Site "Chess.com"]
[Date "2020.11.24"]
[Round "11"]
[White "sergeikim"]
[Black "Nemsko"]
[Result "0-1"]
[WhiteElo "2501"]
[BlackElo "2375"]
[TimeControl "180+1"]
[EndTime "12:25:38 PST"]
[Termination "Nemsko won by resignation"]

1. d4 Nf6 2. c4 e6 3. Nc3 Bb4 4. Qc2 d5 5. a3 Bxc3+ 6. Qxc3 O-O 7. Nf3 b6 8. g3 Bb7 9. Bg2 Nbd7 10. O-O Rc8 11.
cxd5 exd5 12. Rd1 Re8 13. Ne5 c6 14. Bg5 h6 15. Bf4 Nxe5 16. Bxe5 Qe7 17. Bxf6 Qxf6 18. e3 Red8 19. Rac1 Qe6 20. b4 a6 21. a4 h5 22. h4 g6 23. a5 b5 24. Qc5 Qd6 25.
Bh3 Rc7 26. Qxd6 Rxd6 27. Rc5 Bc8 28. Bg2 Bf5 29. Rdc1 Be6 30. f3 f5 31. Kf2 Kf7 32.
Bf1 Ke7 33. Bd3 Kd7 34. Ke2 Bf7 35. Kd2 Re6 36. Re1 Rc8 37. e4 fxe4 38. fxe4 dxe4 39. Rxe4 Rce8 40. Rxe6 Rxe6 41. Be2 Rd6 42. Kc3 Bd5 43. Bd3 Rf6 44. Kd2 Kd6 45. Rc3 Rf2+ 46. Kc1 Rf3 47. Kd2 Rxg3 48. Rc1 Rg2+ 49. Ke3 Rg3+ 50. Kd2 Rg4 51. Ke3 Rxh4 52. Bxg6 Rh3+ 53. Kf4 h4 54. Rg1 Rf3+ 55. Kg4 h3 56. Rh1 Rf6 57. Rxh3 Rxg6+ 58.
Kf5 Be6+ 59. Kxg6 Bxh3 60. Kf6 Kd5 0-1

[Event "*** Titled Tuesday Blitz"]
[Site "Chess.com"]
[Date "2020.11.24"]
[Round "11"]
[White "vinniethepooh"]
[Black "Guachiney"]
[Result "0-1"]
[WhiteElo "2611"]
[BlackElo "2759"]
[TimeControl "180+1"]
[EndTime "12:25:39 PST"]
[Termination "Guachiney won on time"]

1. d4 d6 2. c4 f5 3. g3 Nf6 4. Bg2 g6 5. b3 Bg7 6. Bb2 O-O 7. Nf3 c6 8. O-O Na6 9. Nbd2 e5 10. dxe5 Nd7 11.
e4 f4 12. a3 Nxe5 13. Nxe5 dxe5 14. b4 Be6 15. Qc2 Qc7 16. Rad1 Qf7 17. c5 Nc7 18.
Qc1 Rae8 19. Nf3 Bg4 20. h3 Bxf3 21. Bxf3 fxg3 22. fxg3 Qe7 23. Bg4 Rxf1+ 24. Rxf1 h5 25.
Be2 Ne6 26. Bc4 Kh7 27. Qe3 a6 28. Qf3 Ng5 29. Qg2 Rf8 30. Rxf8 Qxf8 31. Be2 Qf7 32. h4 Qb3 33. hxg5 Qxb2 34. Qf3 Qc1+ 35. Kg2 Qxg5 36. g4 h4 37. Kh3 Bf6 38. Bc4 Kg7 39. Be2 Qd2 40. Bc4 Qd7 41. Qd3 Qe7 42. Qf3 Bg5 43. Qd3 Qf6 44. Qf1 Bf4 45. Qf3 Qg5 46. Qd3 Bd2 47.
Qd7+ Kh6 48. Qd3 Qf4 49. Be6 Be3 50. Qe2 Qxe4 0-1

[Event "*** Titled Tuesday Blitz"]
[Site "Chess.com"]
[Date "2020.11.24"]
[Round "11"]
[White "levallem"]
[Black "keepitcoming"]
[Result "0-1"]
[WhiteElo "2227"]
[BlackElo "2357"]
[TimeControl "180+1"]
[EndTime "12:25:39 PST"]
[Termination "keepitcoming won by resignation"]

1. d4 d5 2. c3 Nf6 3. Nf3 Bf5 4. g3 e6 5. Bg2 Bd6 6. O-O O-O 7. Bg5 h6 8. Bf4 Bxf4 9. gxf4 c5 10. e3 Nc6 11.
dxc5 Bg4 12. Nbd2 Ne4 13. h3 Bh5 14. b4 Nxc3 15. Qb3 Ne4 16. Nxe4 dxe4 17. Ne5 Nxe5 18. fxe5 Bf3 19. Bxf3 exf3 20. Kh2 Qg5 21. Rg1 Qxe5+ 22. Kh1 Rad8 23. Rad1 Rd5 24. Rxd5 exd5 25. Qd3 Rd8 26. Rg3 Qe4 27. Qc3 g6 28. Kh2 Kh7 29. Rg4 Qf5 30. Rf4 Qe6 31. Rxf3 f5 32. Rf4 g5 33.
Rd4 Kg6 34. Qd3 Qe5+ 35. Kg2 Rd7 36. f4 gxf4 37. Rxf4 Kf6 38. Kf2 Rg7 39. Qd4 Qxd4 40. exd4 Re7 41. a4 Re4 42. Rxe4 fxe4 43. b5 Ke6 44. a5 Kd7 45. Ke3 Kc7 46. Kf4 Kd7 47. h4 h5 48. Ke3 Kc7 49. Kf4 a6 50. b6+ Kc6 51. Ke3 Kb5 52. Kf4 Kxa5 53. Ke3 Kb5 54.
Kd2 a5 55. Kc3 a4 56. Kb2 e3 57. Kc3 a3 58. c6 Kxc6 59. Kb3 e2 60. Kxa3 e1=Q 0-1

[Event "*** Titled Tuesday Blitz"]
[Site "Chess.com"]
[Date "2020.11.24"]
[Round "11"]
[White "OK97"]
[Black "Gevo1990"]
[Result "1/2-1/2"]
[WhiteElo "2779"]
[BlackElo "2647"]
[TimeControl "180+1"]
[EndTime "12:25:40 PST"]
[Termination "Game drawn - insufficient material"]

1. d4 Nf6 2. Bg5 Ne4 3. Bf4 d5 4. e3 c6 5. Bd3 Qb6 6. Bxe4 dxe4 7. Nd2 Qxb2 8. Ne2 Nd7 9. a4 Qb6 10. O-O Nf6 11. Ng3 Nd5 12. Be5 f6 13. c4 fxe5 14.
cxd5 cxd5 15. Qh5+ Qg6 16. Qxe5 e6 17. f3 Bb4 18. Ndxe4 O-O 19. Nd6 b6 20. Rfc1 Rd8 21. Nb5 a6 22. Qc7 Bd7 23. Nd6 Bd2 24. Rd1 Bxe3+ 25.
Kh1 Bf4 26. Qxb6 Qh6 27. Nf1 Rab8 28. Qxa6 Bxa4 29. Qxa4 Rxd6 30. Rab1 Rdd8 31. Qc6 Rxb1 32. Rxb1 Qg6 33. Re1 Re8 34. g3 Bb8 35. Kg2 h5 36.
Re2 h4 37. Qc2 Qf6 38. Qd3 hxg3 39. hxg3 Rc8 40. Qe3 Kf7 41. f4 Ba7 42. Qf3 Bxd4 43. Nh2 Rc3 44. Ng4 Qf5 45. Ne3 Bxe3 46. Rxe3 Rxe3 47. Qxe3 Qe4+ 48. Qxe4 dxe4 49. Kf2 Kg6 50. g4 Kf6 51. Ke3 g5 52. Kxe4 gxf4 53. Kxf4 Kg6 54. Ke5 Kg5 55. Kxe6 Kxg4 1/2-1/2